 Dungeon Crawl Stone Soup version 0.31.0-32-g396128a36d (webtiles) character file.

Game seed: 17742084967909447987

30 BoneyBoi1234 the Twirler (level 3, 37/37 HPs)
             Began as an Oni Gladiator on Mar 27, 2024.
             Quit the game on level 1 of the Dungeon.
             The game lasted 00:03:41 (743 turns).

BoneyBoi1234 the Twirler (Oni Gladiator)             Turns: 743, Time: 00:03:42

Health: 37/37      AC:  3    Str: 20    XL:     3   Next: 20%
Magic:  3/3        EV: 10    Int:  9    God:
Gold:   26         SH:  0    Dex: 10    Spells: 2/2 levels left

rFire   . . .        a - +0 quarterstaff
rCold   . . .        (shield currently unavailable)
rNeg    . . .        b - +0 robe
rPois   .            c - +0 hat
rElec   .            (no cloak)
rCorr   .            (gloves unavailable)
SInv    .            (boots unavailable)
Will    .....        (no amulet)
Stlth   +            (no ring)
HPRegen 0.26/turn    (no ring)
MPRegen 0.08/turn

%: no passive effects
@: no status effects
A: large, unfitting armour, horns 1, tough skin 1, double potion healing,
drunken brawling
a: no special abilities


You were on level 1 of the Dungeon.
You visited 1 branch of the dungeon, and saw 2 of its levels.

You collected 26 gold pieces.

Inventory:

Hand Weapons
 a - a +0 quarterstaff (weapon)
Missiles
 d - 3 throwing nets (quivered)
 e - a large rock
 o - 13 stones
Armour
 b - a +0 robe (worn)
 c - a +0 hat (worn)
Jewellery
 k - a ring of willpower
Scrolls
 h - a scroll of enchant armour
 n - 2 scrolls of identify
Potions
 f - a potion of curing
 g - a potion of brilliance
 i - a potion of mutation
 j - a potion of heal wounds {unknown}
 l - a potion of attraction
 m - a potion of invisibility


   Skills:
 + Level 3.3 Fighting
 + Level 3.3 Staves
 + Level 2.4 Throwing
 + Level 3.0 Dodging


You had 2 spell levels left.
You didn't know any spells.
Your spell library was empty.

Dungeon Overview and Level Annotations

Branches:
Dungeon (2/15)

Altars:


Innate Abilities, Weirdness & Mutations

You are too large for most types of armour.
You have a pair of small horns on your head.
You have tough skin. (AC +1)
You gain doubled healing and magic from potions.
Whenever you drink a healing potion, you attack all around you.


Message History

A bat comes into view.
A bat is nearby!
The bat hits you but does no damage. The bat completely misses you.
The bat closely misses you. The bat hits you but does no damage.
The bat misses you.
You closely miss the bat. The bat hits you but does no damage.
The bat barely misses you.
You hit the bat.
The bat is moderately wounded.
The bat closely misses you.
You closely miss the bat. Your headbutt misses the bat.
The bat hits you but does no damage. x2
You closely miss the bat. The bat hits you but does no damage. x2
The bat barely misses you.
You miss the bat. Your headbutt misses the bat. The bat barely misses you. x2
You sock the bat!
You kill the bat!
No target in view!
No target in view!
No target in view!
You enter the shallow water.
A spectral kobold comes into view.
A spectral kobold is nearby!
Found a faded altar of an unknown god.
You enter the shallow water.
The spectral kobold hits you but does no damage.
You hit the spectral kobold.
The spectral kobold is heavily damaged.
The spectral kobold barely misses you.
You hit the spectral kobold.
You headbutt the spectral kobold, but do no damage.
The spectral kobold is severely damaged.
The spectral kobold hits you but does no damage.
You hit the spectral kobold but do no damage.
You headbutt the spectral kobold.
You destroy the spectral kobold!
Unknown command.
Are you sure you want to abandon this character and quit the game? (Confirm with "yes".)

#.#.#.#....
###.....#####
###.#.....#..#
#............#
########.#...†......#
~.~.~....~.........#
....~##~~~.........#
8~#####~#.8#..........#
.~~~._~@~~~#~.........#
##~~..~~.##~.#.########
#~~..$~~~~~~#.#
#~.~~~..#.###.#
##~.~.~##~# #~+++## #
~~~ ..


There were no monsters in sight!

Vanquished Creatures
  2 dart slugs (D:1)
  3 endoplasms
  A giant cockroach (D:1)
  2 hobgoblins (D:1)
  A quokka (D:1)
  3 ball pythons (D:1)
  5 bats (D:1)
  2 frilled lizards (D:1)
  3 kobolds (D:1)
  4 rats (D:1)
  A spectral kobold (D:1)
27 creatures vanquished.

Notes
Turn   | Place    | Note
-------+----------+-------------------------------------------
     0 | D:1      | BoneyBoi1234 the Oni Gladiator began the quest for the Orb.
     0 | D:1      | Reached XP level 1. HP: 22/22 MP: 1/1
    78 | D:1      | Reached XP level 2. HP: 25/31 MP: 2/2
   219 | D:1      | You fall into a shaft and drop 1 floor!
   593 | D:1      | Reached XP level 3. HP: 9/37 MP: 3/3
   737 | D:1      | Found a faded altar of an unknown god.
   743 | D:1      | Quit the game

Illustrated notes

Levels and vault maps discovered:
D:1:      minmay_arrival_five_plusses, layout_rooms,
          dreamdust_ecumenical_altar_drowned_temple, hangedman_decor_points,
          columned_hall_lemuel
D:2:      layout_basic, uniq_robin

Skill      XL: |  1  2  3 |
---------------+----------+-----
Fighting       | 3 |  3.3
Dodging        | 3 |  3.0
Staves         | |  3.3
Throwing       | |  2.4

Action                     || total
---------------------------++-------
  Melee: Quarterstaff      ||    92
         Headbutt          ||    12
    Use: Scroll            ||     6
         Potion            ||     1
 Armour: Robe              ||    77
  Dodge: Dodged            ||    56
